 Dungeon Crawl Stone Soup version 0.19.0-2-gae57169 (webtiles) character file.

703 MovingMist the Shield-Bearer (level 7, -4/66 HPs)
             Began as a Deep Dwarf Fighter on Nov 6, 2016.
             Slain by equalderp2856's ghost (9 damage)
             ... on level 4 of the Dungeon.
             The game lasted 00:11:27 (2293 turns).

MovingMist the Shield-Bearer (Deep Dwarf Fighter)   Turns: 2293, Time: 00:11:28

Health: -4/66      AC:  6    Str: 22    XL:     7   Next: 39%
Magic:  7/7        EV:  9    Int:  8    God:
Gold:   253        SH: 13    Dex: 12    Spells: 0 memorised, 6 levels left

rFire  . . .     SeeInvis .     o - +2 whip (venom)
rCold  . . .     Gourm    .     b - +0 scale mail
rNeg   + . .     Faith    .     c - +0 shield
rPois  .         Spirit   .     (no helmet)
rElec  .         Reflect  +     (no cloak)
rCorr  +         Harm     .     (no gloves)
MR     +....                    (no boots)
Stlth  ..........               v - +3 amulet of reflection
                                y - ring of positive energy
                                u - ring of resist corrosion

@: non-regenerating
A: damage resistance, recharge devices, sense surroundings 1, slow regeneration
3
a: Device Recharging


You were on level 4 of the Dungeon.
You were not hungry.

You visited 1 branch of the dungeon, and saw 4 of its levels.

You collected 253 gold pieces.

Inventory:

Hand Weapons
 o - a +2 whip of venom (weapon)
Armour
 b - a +0 scale mail (worn)
 c - a +0 shield (worn)
 G - a +0 plate armour
Jewellery
 u - a ring of resist corrosion (left hand)
 v - a +3 amulet of reflection (around neck)
 y - a ring of positive energy (right hand)
 D - a +2 ring of evasion {unknown}
Wands
 e - a wand of heal wounds (2/9)
Scrolls
 h - 3 scrolls of random uselessness {unknown}
 i - 5 scrolls of identify {unknown}
 k - 2 scrolls of fog
 l - 3 scrolls of remove curse
 n - 2 scrolls of enchant armour {unknown}
 p - a scroll of magic mapping {unknown}
 r - a scroll of fear {unknown}
 t - 2 scrolls of enchant weapon {unknown}
 B - a scroll of recharging {unknown}
 C - a scroll of immolation {unknown}
 I - a scroll of amnesia {unknown}
Potions
 d - 5 potions of might
 g - 2 potions of flight {unknown}
 m - a potion of lignification {unknown}
 q - a potion of degeneration {unknown}
 s - 2 potions of mutation {unknown}
 w - a potion of heal wounds {unknown}
 x - a potion of curing {unknown}
 A - 2 potions of ambrosia {unknown}
 E - a potion of invisibility {unknown}
 J - a potion of cure mutation {unknown}
Comestibles
 a - 4 fruits
 f - 4 bread rations
 j - 2 meat rations
 z - 2 chunks of flesh
 F - 2 royal jellies
 H - a slice of pizza


   Skills:
 + Level 4.3 Fighting
   Level 2.6(4.3) Axes
 * Level 4.8(5.1) Maces & Flails
 - Level 3.2 Armour
 + Level 3.2 Dodging
 + Level 5.2 Shields


You had 6 spell levels left.
You didn't know any spells.

Dungeon Overview and Level Annotations

Branches:
Dungeon (4/15)
 Temple: D:4-7

Altars:
Kikubaaqudgha

Annotations:
D:4 equalderp2856's ghost, amateur FeFi


Innate Abilities, Weirdness & Mutations

You are resistant to damage.
You can recharge devices by infusing magical energy.
You passively map a small area around you.
You do not regenerate.


Message History

Equalderp2856's ghost is severely damaged.
You block equalderp2856's ghost's attack.
You whack equalderp2856's ghost!
Equalderp2856's ghost is almost destroyed.
You block equalderp2856's ghost's attack.
You miss equalderp2856's ghost.
Equalderp2856's ghost is almost destroyed.
You block equalderp2856's ghost's attack.
You barely miss equalderp2856's ghost.
Equalderp2856's ghost is almost destroyed.
Equalderp2856's ghost hits you!
* * * LOW HITPOINT WARNING * * *
You miss equalderp2856's ghost.
Equalderp2856's ghost is almost destroyed.
Equalderp2856's ghost hits you!
* * * LOW HITPOINT WARNING * * *
You hit equalderp2856's ghost but do no damage.
Equalderp2856's ghost is almost destroyed.
Equalderp2856's ghost hits you!
You die...

#............(#....####.........#
#..........#..#..<####........#.#
#..........##....)##...########.#
##...<.........##....##########.#
#..........#.....................
#..........###.##.#..############
#..........# #.............####..
#..........# ##.................#
#..........#####@...#...####.###.
##............ #W.....#.# #.....
##....[.####.##....###.# #.###.
##...##..........## #.# ##.####
#......###.##.#.## #.# #......
#.....###........###.###..####
#####.###.#.#.#..#≈...≈#.##
#.÷...#.#.#..#≈...≈###
####...##.#.#..#≈...≈#


You could see equalderp2856's ghost.

Vanquished Creatures
  An ogre (D:4)
  A phantom (D:4)
  A bullfrog (D:4)
  A scorpion (D:4)
  A howler monkey (D:4)
  2 hounds (D:4)
  An orc priest (D:4)
  3 orc wizards
  3 worker ants (D:4)
  4 adders
  An ooze (D:4)
  2 worms (D:2)
  A leopard gecko (D:3)
  14 orcs
  A bat zombie (D:4)
  2 giant cockroaches
  3 goblins
  5 hobgoblins
  5 jackals
  9 kobolds
  A quokka (D:4)
  9 bats
  7 frilled lizards
  6 rats
  4 rat zombies (D:4)
88 creatures vanquished.

Notes
Turn   | Place    | Note
-------+----------+-------------------------------------------
     0 | D:1      | MovingMist the Deep Dwarf Fighter began the quest for the Orb.
     0 | D:1      | Reached XP level 1. HP: 20/20 MP: 1/1
   198 | D:1      | Reached XP level 2. HP: 20/27 MP: 2/2
   457 | D:2      | Reached skill level 1 in Dodging
   683 | D:2      | Reached XP level 3. HP: 18/33 MP: 3/3
   687 | D:2      | Reached skill level 1 in Maces & Flails
  1275 | D:3      | Reached XP level 4. HP: 22/42 MP: 4/4
  1408 | D:3      | Reached skill level 4 in Shields
  1560 | D:4      | Reached XP level 5. HP: 48/49 MP: 5/5
  1643 | D:4      | Reached XP level 6. HP: 22/57 MP: 6/6
  1793 | D:4      | Reached XP level 7. HP: 36/64 MP: 7/7
  1895 | D:4      | Found an ancient bone altar of Kikubaaqudgha.
  1932 | D:4      | Reached skill level 5 in Shields
  2247 | D:4      | Noticed equalderp2856's ghost (amateur FeFi)
  2293 | D:4      | Slain by equalderp2856's ghost

Skill      XL: |  1  2  3  4  5  6  7 |
---------------+----------------------+-----
Dodging        | 1 2 3 |  3.2
Maces & Flails | 2 3 4 |  4.8
Fighting       | 3 4 |  4.3
Shields        | 4 5 |  5.2
Axes           | |  2.6
Armour         | |  3.2

Action                   |  1- 3 |  4- 6 |  7- 9 || total
-------------------------+-------+-------+-------++-------
Melee: War axe           |    48 |       |       ||    48
       Whip              |    92 |   120 |   121 ||   333
Evoke: Wand              |       |     2 |     1 ||     3
  Use: Scroll            |     2 |       |       ||     2
  Eat: Chunk             |     1 |     2 |     2 ||     5
Armor: Scale mail        |    55 |    25 |    15 ||    95
Dodge: Dodged            |    37 |    22 |    20 ||    79
Block: Shield            |    91 |    79 |    64 ||   234
